 Dungeon Crawl Stone Soup version 0.19.5 (webtiles) character file.

146 Trixie the Skirmisher (level 5, -5/48 HPs)
             Began as a Minotaur Berserker on Mar 21, 2017.
             Was a Believer of Trog.
             Slain by Sigmund
             ... wielding a +0 scythe
              (9 damage)
             ... on level 3 of the Dungeon.
             The game lasted 00:03:41 (2604 turns).

Trixie the Skirmisher (Minotaur Berserker)          Turns: 2604, Time: 00:03:42

Health: -5/48      AC:  5    Str: 21    XL:     5   Next: 7%
Magic:  4/4        EV: 12    Int:  4    God:    Trog [**....]
Gold:   126        SH:  0    Dex: 11    Spells: 0 memorised, 4 levels left

rFire  . . .     SeeInvis .     a - +0 mace
rCold  . . .     Gourm    .     o - +0 ring mail
rNeg   . . .     Faith    .     (no shield)
rPois  .         Spirit   .     (helmet restricted)
rElec  .         Reflect  .     (no cloak)
rCorr  .         Harm     .     (no gloves)
MR     .....                    (no boots)
Stlth  +.........               (no amulet)
                                (no ring)
                                (no ring)

@: no status effects
A: retaliatory headbutt, horns 2
a: Berserk, Trog's Hand, Burn Spellbooks, Renounce Religion


You were on level 3 of the Dungeon.
You worshipped Trog.
Trog was pleased with you.
You were very hungry.

You visited 1 branch of the dungeon, and saw 3 of its levels.

You collected 126 gold pieces.

Inventory:

Hand Weapons
 a - a +0 mace (weapon)
Armour
 o - a +0 ring mail (worn)
Scrolls
 d - 5 scrolls of identify {unknown}
 e - 2 scrolls of teleportation {unknown}
 f - a scroll of fear {unknown}
 i - 2 scrolls of enchant weapon {unknown}
 j - a scroll of enchant armour {unknown}
 l - a scroll of noise {unknown}
 n - a scroll of recharging {unknown}
Potions
 g - a potion of flight {unknown}
 h - a potion of mutation {unknown}
 k - a potion of heal wounds {unknown}
 m - a potion of curing {unknown}
 q - a potion of lignification {unknown}
Comestibles
 b - 2 fruits
 c - a bread ration


   Skills:
 + Level 5.3 Fighting
 - Level 5.0 Maces & Flails
 - Level 2.4 Armour
 + Level 3.2 Dodging


You had 4 spell levels left.
You didn't know any spells.

Dungeon Overview and Level Annotations

Branches:
Dungeon (3/15)

Altars:
Gozag
Zin

Shops:
D:2 *

Annotations:
D:3 Sigmund


Innate Abilities, Weirdness & Mutations

You reflexively headbutt those who attack you in melee.
You have a pair of horns on your head.


Message History

The magic dart hits you!
* * * LOW HITPOINT WARNING * * *
You barely miss something.
You hear some strange, mumbled words.
A magic dart appears from out of thin air!
The magic dart hits you!
* * * LOW HITPOINT WARNING * * *
You miss something.
Sigmund appears from thin air!
Reactivating autopickup.
Sigmund gestures wildly while chanting.
Sigmund flickers and vanishes!
Deactivating autopickup; reactivate with Ctrl-A.
You barely miss something. You headbutt something.
You hear some strange, mumbled words.
Something tries to affect you, but you resist.
Something hits you but does no damage.
Okay, then.
You closely miss something. Your headbutt misses something. You miss something.
Something hits you!
You die...

.......... ..
..##.#..# ..#
#.##....##.#.
#............
##............
##.............
##.............#
#...<...@{..[..#
......#[........<...
..... #.....%.....#.
..................._
......#...........#.
..............##..#
. .......!....# #.?.
............# ##.
........####


There were no monsters in sight!

Vanquished Creatures
  The ghost of pps the Sneak, a weakling SpAs (D:3)
  An orc wizard (D:2)
  2 adders (D:2)
  An ooze (D:2)
  A dart slug (D:1)
  A leopard gecko (D:1)
  2 orcs
  2 giant cockroaches
  8 goblins
  7 hobgoblins
  7 jackals (D:2)
  5 kobolds
  2 quokkas (D:2)
  A ball python (D:2)
  5 bats
  6 frilled lizards
  5 rats
57 creatures vanquished.

Notes
Turn   | Place    | Note
-------+----------+-------------------------------------------
     0 | D:1      | Trixie the Minotaur Berserker began the quest for the Orb.
     0 | D:1      | Reached XP level 1. HP: 19/19 MP: 0/0
    58 | D:1      | Reached XP level 2. HP: 26/26 MP: 1/1
   287 | D:1      | Reached ** piety under Trog
   454 | D:1      | Reached skill level 5 in Maces & Flails
   843 | D:2      | Found an opulent altar of Gozag.
   843 | D:2      | Found Gozag's Platinum Reserve.
   850 | D:2      | Reached XP level 3. HP: 33/33 MP: 2/2
  1637 | D:2      | Reached XP level 4. HP: 39/41 MP: 3/3
  1924 | D:3      | Noticed Sigmund
  2264 | D:3      | Noticed pps's ghost (weakling SpAs)
  2277 | D:2      | Reached skill level 5 in Fighting
  2582 | D:3      | Killed pps's ghost
  2582 | D:3      | Reached XP level 5. HP: 48/48 MP: 4/4
  2586 | D:3      | Found a glowing silver altar of Zin.
  2604 | D:3      | Slain by Sigmund

Skill      XL: |  1  2  3  4 |
---------------+-------------+-----
Maces & Flails | 4 5 |  5.0
Fighting       | 4 5 |  5.3
Dodging        | 3 |  3.2
Armour         | |  2.4

Action                   |  1- 3 |  4- 6 || total
-------------------------+-------+-------++-------
Melee: Mace              |    78 |    38 ||   116
       Headbutt          |    15 |     5 ||    20
  Eat: Chunk             |     2 |     1 ||     3
       Fruit             |       |     1 ||     1
Armor: Animal skin       |     7 |       ||     7
       Ring mail         |    13 |    20 ||    33
Dodge: Dodged            |    60 |    14 ||    74
